 Dungeon Crawl Stone Soup version 0.17-a0-802-g1f09329 (webtiles) character file.

21 Sithun the Caller (level 2, -1/20 HPs)
             Began as a Hill Orc Summoner on Apr 26, 2015.
             Slain by a giant gecko (3 damage)
             ... on level 1 of the Dungeon.
             The game lasted 00:09:22 (945 turns).

Sithun the Caller (Hill Orc Summoner)                Turns: 945, Time: 00:09:22

Health: -1/20      AC:  2    Str: 10    XL:     2   Next: 87%
Magic:  1/4        EV: 12    Int: 15    God:
Gold:   45         SH:  0    Dex: 11    Spells: 2 memorised, 1 level left

rFire  . . .     SeeInvis .     h - +0 mace
rCold  . . .     Clarity  .     a - +0 robe
rNeg   . . .     SustAb   .     (no shield)
rPois  .         Gourm    .     (no helmet)
rElec  .         Spirit   .     (no cloak)
rCorr  .         Warding  .     (no gloves)
rMut   .         Stasis   .     (no boots)
MR     .....                    (no amulet)
Stlth  ++........               (no ring)
                                (no ring)

@: not resistant to hostile enchantments, unstealthy
A: no striking features
a: no special abilities


You were on level 1 of the Dungeon.
You were very hungry.

You visited 1 branch of the dungeon, and saw 1 of its levels.

You collected 45 gold pieces.

Inventory:

Hand weapons
 h - a +0 mace (weapon)
Armour
 a - a +0 robe (worn)
 d - a +0 robe
 e - a +0 ring mail
 g - a +0 pair of gloves
Scrolls
 i - a scroll of random uselessness {unknown}
Books
 b - a book of Callings

   Spells                             Type                      Level
   a - Summon Small Mammal            Summoning                    1
   b - Call Imp                       Summoning                    2
   c - Call Canine Familiar           Summoning                    3
   d - Summon Guardian Golem          Hexes/Summoning              3
   e - Summon Lightning Spire         Summoning/Air                4
   f - Summon Ice Beast               Ice/Summoning                4
Comestibles
 c - 2 bread rations
 f - 2 fruits


   Skills:
 + Level 1.8 Dodging
 + Level 1.7 Stealth
 + Level 0.2 Unarmed Combat
 + Level 1.9 Spellcasting
 + Level 4.3 Summonings


You had one spell level left.
You knew the following spells:

 Your Spells              Type           Power        Failure   Level  Hunger
a - Summon Small Mammal   Summ           ##..         4%          1    ##.....
b - Call Imp              Summ           ##......     8%          2    ###....


Dungeon Overview and Level Annotations

Branches:
Dungeon (1/15)

Altars:


Message History

The giant gecko misses you.
Your crimson imp barely misses the kobold.
Your crimson imp blinks!
The giant gecko bites you.
* * * LOW HITPOINT WARNING * * *
The giant gecko hisses menacingly.
The giant gecko closely misses you.
Casting: Call Imp
Confirm with . or Enter, or press ? or * to list all spells.
The giant gecko closely misses you.
Your quokka barely misses the kobold.
Your quokka bites the kobold.
The kobold dies!
Your crimson imp blinks!
The giant gecko barely misses you.
Drink which item? (? for menu, Esc to quit)
It was a potion of restore abilities.
You feel refreshed.
Your crimson imp disappears in a puff of smoke!
The giant gecko bites you.
You die...

########### ######## #.##.
........# #######......# #.##.
#######.###.....#......# #)##.
......#...#.....#......# #.##.
......###.#.....#......######.##.
............................†.##.
......###.#†....#......######.##.
......# #.#.....##......## #.##.
......# #.......@lr......# #..#.
##################§......# #..#.
#....# #....5..# #..#. ###....#
#.....5.####..#. ...†...#
#######.#.....#. ###.####
#############.#.##K... ..#.#
#.....5[......#......# #.#.#
#.......5#########.#.# #.#.#
#........# #...#


You could see a giant gecko, 2 friendly crimson imps and a friendly quokka.

Vanquished Creatures
  2 bats (D:1)
  A giant cockroach (D:1)
  2 jackals (D:1)
  A kobold (D:1)
  A goblin (D:1)
  A rat (D:1)
8 creatures vanquished.

Vanquished Creatures (collateral kills)
  2 hobgoblins (D:1)
  5 jackals (D:1)
  3 bats (D:1)
  2 giant geckos (D:1)
  5 kobolds (D:1)
17 creatures vanquished.

Vanquished Creatures (others)
  2 bats (D:1)
  2 rats (D:1)
4 creatures vanquished.

Grand Total: 29 creatures vanquished

Notes
Turn   | Place    | Note
--------------------------------------------------------------
     0 | D:1      | Sithun, the Hill Orc Summoner, began the quest for the Orb.
     0 | D:1      | Reached XP level 1. HP: 14/14 MP: 3/3
   483 | D:1      | Reached XP level 2. HP: 18/20 MP: 4/4
   494 | D:1      | Learned a level 2 spell: Call Imp
   945 | D:1      | Slain by a giant gecko

Action                   || total
-------------------------++-------
Melee: Unarmed           ||    35
       Mace              ||    15
Throw: Throwing net      ||     2
 Cast: Summon Small Mamm ||    20
       Call Imp          ||    11
  Use: Scroll            ||     1
       Potion            ||     1
